 Dungeon Crawl Stone Soup version 0.18-a0-690-g014cd11 (webtiles) character file.

934 R18 the Basher (level 8, 0/150 HPs)
             Began as an Ogre Wanderer on Dec 7, 2015.
             Succumbed to a water moccasin's poison
             ... on level 5 of the Dungeon.
             The game lasted 00:14:19 (5315 turns).

R18 the Basher (Ogre Wanderer)                      Turns: 5315, Time: 00:14:19

Health: 0/150      AC: 24    Str: 24    XL:     8   Next: 11%
Magic:  7/9        EV:  1    Int: 10    God:
Gold:   178        SH:  0    Dex: 11    Spells: 0 memorised, 8 levels left

rFire  . . .     SeeInvis .     a - +0 giant club
rCold  . . .     Clarity  .     (armour currently unavailable)
rNeg   + + +     SustAt   .     (shield currently unavailable)
rPois  +         Gourm    .     (helmet currently unavailable)
rElec  .         Spirit   .     (cloak currently unavailable)
rCorr  .         Dismiss  .     (gloves unavailable)
rMut   .         NoTele   +     (boots unavailable)
MR     .....                    y - amulet of rage
Stlth  ..........               (no ring)
                                (no ring)

@: berserking, lethally poisoned (0 -> -6), tree-form, very quick, not resistant
to hostile enchantments, extremely unstealthy
A: unfitting armour, (tough skin 0)
a: Evoke Berserk Rage


You were on level 5 of the Dungeon.
You were not hungry.
You were a tree.
You visited 1 branch of the dungeon, and saw 5 of its levels.

You collected 178 gold pieces.

Inventory:

Hand Weapons
 a - a +0 giant club (weapon)
 b - a +0 blowgun
 c - a +0 hand axe
 h - a -2 club
 u - a +0 whip
 B - a +0 flail
Missiles
 p - 5 poisoned needles
 r - a throwing net (quivered)
 t - 6 tomahawks
 w - 6 javelins
Armour
 j - a +2 robe (melded)
Jewellery
 y - an amulet of rage (around neck)
Wands
 v - a wand of teleportation (5)
Scrolls
 g - a scroll of fog {unknown}
 i - a scroll of fear
 m - a scroll of magic mapping {unknown}
 n - 2 scrolls of teleportation {unknown}
 z - 2 scrolls of identify
Potions
 e - a potion of might
 k - 2 potions of haste
 l - 2 potions of berserk rage
Books
 A - an Akashic Record

   Spells                             Type                      Level
   a - Dispersal                      Translocation                6
   b - Malign Gateway                 Summoning/Translocation      7
   c - Disjunction                    Translocation                8
   d - Controlled Blink               Translocation                8
 D - a book of Cantrips

   Spells                             Type                      Level
   a - Corona                         Hexes                        1
   b - Animate Skeleton               Necromancy                   1
   c - Summon Small Mammal            Summoning                    1
   d - Apportation                    Translocation                1
Comestibles
 d - 4 bread rations
 f - 4 meat rations
 q - a beef jerky
 s - a slice of pizza


   Skills:
 - Level 1.3(3.4) Axes
 * Level 8.5(8.7) Maces & Flails
 - Level 2.6 Throwing
 * Level 6.3 Dodging
 - Level 1.0 Stealth
 + Level 0.7 Spellcasting
 - Level 1.0 Evocations


You had 8 spell levels left.
You didn't know any spells.

Dungeon Overview and Level Annotations

Branches:
Dungeon (5/15)
 Temple: D:4-7

Altars:
Sif Muna

Annotations:
D:3 onono's ghost, novice HEHu


Innate Abilities, Weirdness & Mutations

You are too large for most types of armour.
((You have tough skin (AC +1).))


Message History

You kill the water moccasin!
You have reached level 8!
* * * LOW HITPOINT WARNING * * *
You feel sick.
* * * LOW HITPOINT WARNING * * *
You feel sick.
There is a lethal amount of poison in your body!
Drink which item? (? for menu, Esc to quit)
Okay, then.
Unknown command.
* * * LOW HITPOINT WARNING * * *
You feel sick.
* * * LOW HITPOINT WARNING * * *
You feel sick.
* * * LOW HITPOINT WARNING * * *
You feel sick.
Drink which item? (? for menu, Esc to quit)
A red film seems to cover your vision as you go berserk!
You feel yourself moving faster!
You feel mighty!
You die...

....# #.###..#..#...#
....# #...#..######.#
....#########.#.........#
....#......##.#.#########
....#......##.#.#
#####......##.#.#
#......##.#.# ##
#......##.#.####
.####.........#.♣†.#
...##......#######.#
......###### # ...####
....# ....# ....# .#### .


There were no monsters in sight!

Vanquished Creatures
  The ghost of onono the Ruffian, an amateur NaTm (D:4)
  A water moccasin (D:5)
  An ogre (D:5)
  2 scorpions (D:4)
  A hound (D:2)
  An orc wizard (D:4)
  Jessica (D:3)
  6 worker ants
  3 gnolls (D:3)
  8 adders
  A worker ant zombie (D:5)
  An ooze (D:2)
  An adder skeleton (D:4)
  3 worms
  2 giant geckos (D:2)
  5 orcs
  3 ball pythons
  6 giant cockroaches
  5 hobgoblins
  11 jackals
  3 quokkas
  9 bats
  A giant gecko skeleton (D:4)
  5 giant newts
  16 goblins
  15 kobolds
  7 rats
119 creatures vanquished.

Notes
Turn   | Place    | Note
--------------------------------------------------------------
     0 | D:1      | R18 the Ogre Wanderer began the quest for the Orb.
     0 | D:1      | R18 set off with: a +2 robe, a potion of lignification, a +0 hand axe, a bread ration
     0 | D:1      | Reached XP level 1. HP: 16/16 MP: 1/1
   180 | D:1      | Reached XP level 2. HP: 19/24 MP: 2/2
   587 | D:1      | Reached XP level 3. HP: 27/31 MP: 3/3
  1163 | D:2      | Reached skill level 5 in Maces & Flails
  1404 | D:2      | Reached XP level 4. HP: 36/39 MP: 4/4
  2148 | D:2      | Found a deep blue altar of Sif Muna.
  2163 | D:3      | Noticed onono's ghost (novice HEHu)
  2180 | D:2      | Reached XP level 5. HP: 15/45 MP: 5/5
  2810 | D:3      | Noticed Jessica
  2957 | D:3      | Killed Jessica
  2957 | D:3      | Reached skill level 6 in Maces & Flails
  3447 | D:3      | Reached XP level 6. HP: 53/53 MP: 6/6
  4019 | D:4      | Reached skill level 5 in Dodging
  4060 | D:4      | Reached skill level 7 in Maces & Flails
  4060 | D:4      | Reached skill level 1 in Throwing
  4410 | D:4      | Reached XP level 7. HP: 52/59 MP: 7/7
  4591 | D:4      | Noticed onono's ghost (amateur NaTm)
  4629 | D:4      | Killed onono's ghost
  4816 | D:5      | Entered Level 5 of the Dungeon
  4826 | D:5      | Reached skill level 8 in Maces & Flails
  5310 | D:5      | Reached XP level 8. HP: 7/67 MP: 7/9
  5311 | D:5      | HP: 4/100 [poisoned by a water moccasin]
  5314 | D:5      | HP: 1/100 [poisoned by a water moccasin]
  5315 | D:5      | Succumbed to a water moccasin's poison

Vault maps used:
D:1:      lightli_arrival_statue_moat
D:2:      lemuel_blue_sif_altar, st_stairs_9, minmay_door_square
D:3:      uniq_jessica
D:5:      lemuel_doored_altar, cheibrodos_worm_habitat, first_bread,
          uniq_prince_ribbit1

Action                   |  1- 3 |  4- 6 |  7- 9 || total
-------------------------+-------+-------+-------++-------
Melee: Hand axe          |   177 |       |       ||   177
       Whip              |    34 |   219 |       ||   253
       Flail             |       |    96 |    58 ||   154
       Giant club        |       |       |    25 ||    25
 Fire: Blowgun           |       |     8 |     2 ||    10
 Abil: Evoke Berserk Rag |       |       |     1 ||     1
  Use: Scroll            |     3 |     2 |       ||     5
       Potion            |       |     6 |     4 ||    10
 Stab: Sleeping          |       |     1 |     1 ||     2
  Eat: Pizza             |     1 |       |       ||     1
       Chunk             |       |    10 |     4 ||    14
